 Dungeon Crawl Stone Soup version 0.30.1-9-gdf580d7c3d (webtiles) character file.

Game seed: 17227199740462066208

37567 monsoonserge the Marksspriggan (level 13, -10/71 HPs)
             Began as a Spriggan Hunter on Oct 7, 2023.
             Was the Champion of Okawaru.
             Mangled by a skyshark (25 damage)
             ... on level 3 of the Lair of Beasts on Oct 8, 2023.
             The game lasted 01:33:44 (23623 turns).

monsoonserge the Marksspriggan (Spriggan Hunter)   Turns: 23623, Time: 01:33:46

Health: -10/71     AC:  5    Str:  7    XL:     13   Next: 59%
Magic:  18/18      EV: 24    Int: 12    God:    Okawaru [******]
Gold:   1173       SH: 10    Dex: 22    Spells: 14/16 levels left

rFire   + . .        a - +3 hand crossbow (flame)
rCold   . . .        h - +0 buckler {rF+}
rNeg    . . .        U - +2 robe {Will+}
rPois   +            (helmet restricted)
rElec   .            R - +0 cloak
rCorr   .            (gloves unavailable)
SInv    +            (boots unavailable)
Will    ++++.        s - amulet of reflection
Stlth   +++          p - ring of willpower
HPRegen 0.31/turn    C - ring of poison resistance
MPRegen 0.16/turn

%: reflection
@: very quick
A: very small, no large weapons, unfitting armour, see invisible, speed 3
a: Renounce Religion, Heroism, Finesse, Duel


You were on level 3 of the Lair of Beasts.
You worshipped Okawaru.
Okawaru was exalted by your worship.
You visited 4 branches of the dungeon, and saw 19 of its levels.

You collected 1407 gold pieces.
You spent 234 gold pieces at shops.

Inventory:

Hand Weapons
 a - a +3 hand crossbow of flaming (weapon)
Missiles
 y - a throwing net
 B - 41 poisoned darts
 Q - 2 atropa-tipped darts
 S - a curare-tipped dart
Armour
 h - a +0 buckler of fire resistance (worn)
 F - +0 acid dragon scales
 R - a +0 cloak (worn)
 U - a +2 robe of willpower (worn)
Magical Staves
 A - a staff of air
 P - a staff of cold
Jewellery
 p - a ring of willpower (left hand)
 s - an amulet of reflection (around neck)
 C - a ring of poison resistance (right hand)
 E - a ring of wizardry
 I - a +6 ring of strength
 M - a ring of willpower
Wands
 w - a wand of flame (32)
 D - a wand of polymorph (9)
 K - a wand of paralysis (9)
 T - a wand of roots (5)
Scrolls
 b - 4 scrolls of immolation
 f - 5 scrolls of poison {unknown}
 i - 3 scrolls of fog
 k - 2 scrolls of enchant armour
 l - 8 scrolls of teleportation
 o - a scroll of torment
 q - 4 scrolls of fear {unknown}
 u - 3 scrolls of silence
 x - a scroll of vulnerability
 G - 2 scrolls of enchant weapon
 O - a scroll of magic mapping
 V - 2 scrolls of amnesia
Potions
 c - a potion of lignification {unknown}
 e - a potion of flight
 g - 9 potions of curing
 j - 2 potions of magic
 m - 3 potions of heal wounds
 n - 2 potions of ambrosia
 r - 4 potions of brilliance {unknown}
 t - a potion of invisibility
 v - 4 potions of attraction {unknown}
 z - 4 potions of mutation {unknown}
 H - a potion of berserk rage
 J - 4 potions of haste
 L - 2 potions of might {unknown}
Miscellaneous
 d - a piece from Xom's chessboard (15/15)


   Skills:
 * Level 9.7 Fighting
 + Level 17.4 Ranged Weapons
 + Level 1.6 Throwing
 - Level 2.7 Armour
 * Level 8.8 Dodging
 + Level 5.0 Stealth
 * Level 1.8 Shields
 - Level 2.0 Spellcasting
 - Level 3.0 Transmutations
 * Level 6.0 Invocations
 + Level 5.1 Evocations


You had 14 spell levels left.
You knew the following spells:

 Your Spells              Type           Power      Damage    Failure   Level
a - Wereblood             Tmut           8%         N/A       19%         2

Your spell library contained the following spells:

 Spells                   Type           Power      Damage    Failure   Level
 Beastly Appendage        Tmut           16%        N/A       13%         1
 Passwall                 Tmut/Erth      3%         N/A       34%         2
 Apportation              Tloc           2%         N/A       41%         1
 Sandblast                Erth           2%         2d4       41%         1
 Ensorcelled Hibernation  Hex/Ice        2%         N/A       54%         2
 Spider Form              Tmut/Pois      4%         N/A       56%         3
 Dazzling Flash           Conj/Hex       2%         N/A       78%         3
 Inner Flame              Hex/Fire       1%         N/A       78%         3
 Ozocubu's Armour         Ice            1%         N/A       78%         3
 Swiftness                Air            1%         N/A       78%         3
 Vhi's Electric Charge    Tloc/Air       2%         N/A       78%         3
 Agony                    Necr           1%         N/A       100%        5
 Alistair's Intoxication  Tmut/Pois      2%         N/A       100%        5
 Borgnjor's Vile Clutch   Necr/Erth      0%         N/A       100%        5
 Silence                  Hex/Air        0%         N/A       100%        5
 Eringya's Noxious Bog    Tmut/Pois      2%         N/A       100%        6
 Plasma Beam              Fire/Air       0%         2x1d11    100%        6
 Ozocubu's Refrigeration  Ice            0%         4d7       100%        7
 Shatter                  Erth           0%         3d5*      100%        9
 Summon Small Mammal      Summ           Unusable   N/A       N/A         1
 Call Canine Familiar     Summ           Unusable   N/A       N/A         3
 Summon Guardian Golem    Hex/Summ       Unusable   N/A       N/A         3
 Summon Forest            Summ/Tloc      Unusable   N/A       N/A         5
 Summon Hydra             Summ           Unusable   N/A       N/A         7

Dungeon Overview and Level Annotations

Branches:
Dungeon (12/15)            Temple (1/1) D:7            Lair (4/5) D:10
 Shoals (0/4) Lair:2       Spider (0/4) Lair:2          Orc (2/2) D:12
    Elf (0/3) Orc:2
  Slime: Lair:4-5

Altars:
Ashenzari
Cheibriados
Dithmenos
Elyvilon
Fedhas
Gozag
Hepliaklqana
Kikubaaqudgha
Makhleb
Nemelex Xobeh
Okawaru
Qazlal
Ru
Sif Muna
Trog
Uskayaw
Vehumet
Wu Jian
Xom
Yredelemnul
Zin
The Shining One

Shops:
D:2 !   D:4 =   D:8 =

Annotations:
Lair:3 1 runed translucent door


Innate Abilities, Weirdness & Mutations

You are very small and have problems with some larger weapons.
You are too small for most types of armour.
You have supernaturally acute eyesight. (SInv)
You cover ground extremely quickly. (Speed+++)


Message History

The skyshark tail-slaps you but does no damage.
You block the skyshark's attack.
You shoot a bolt.
The bolt hits the skyshark but does no damage.
The skyshark is heavily wounded.
The skyshark bites you!
The skyshark tastes blood and grows stronger!
The skyshark closely misses you. x2
You shoot a bolt. The bolt hits the skyshark!!
The bolt burns the skyshark.
The skyshark is severely wounded.
You block the skyshark's attack. The skyshark tail-slaps you!
The skyshark misses you.
You shoot a bolt.
The bolt completely misses the skyshark.
The skyshark closely misses you. The skyshark tail-slaps you.
You block the skyshark's attack.
You shoot a bolt. The bolt barely misses the skyshark.
The skyshark bites you!!
The skyshark enters a blood-rage!
The skyshark misses you. The skyshark barely misses you.
You are too injured to fight recklessly!
You are too injured to fight recklessly!
You are too injured to fight recklessly!
The skyshark misses you. You block the skyshark's attack.
The skyshark tail-slaps you!
* * * LOW HITPOINT WARNING * * *
Press: ? - help, v - describe, . - travel
Here: a skyshark (severely wounded, berserk)
The floor.
Okay, then.
Aiming: Paralyse
Press: ? - help, Shift-Dir - straight line, f/p - skyshark
Aim: a skyshark (severely wounded, berserk, chance to affect: 45%)
Okay, then.
Fire: a) +3 hand crossbow (flame)
Press: ? - help, Q - select action, (/) - cycle Shift-Dir - straight line, f/p - skyshark
Aim: a skyshark (severely wounded, berserk, 80% to hit)
You shoot a bolt. The bolt hits the skyshark!
The bolt burns the skyshark.
The skyshark is almost dead.
The skyshark bites you!!
You die...

#######.##....# ### ####### #
♣..#...##.#...####.######..##P###
................"................
.................................
.................................
####....#.#.#..##.#...####.##.#.#
.#.#.....####..####...###.###.#.P
.................................
...............l@................
......>..........................
#.P#.#.##.######.##..#####.######
.########## ####### ##.# ## ###


You could see a skyshark (berserk).

Vanquished Creatures
  Gastronok (D:10)
  2 hydras (Lair:3)
  A catoblepas (Lair:1)
  4 boulder beetles
  A death yak (Lair:3)
  A two-headed ogre (Orc:2)
  A lindwurm (Lair:3)
  2 wizards
  A deep elf pyromancer (D:12)
  A deep elf zephyrmancer (D:12)
  An orc knight (Orc:1)
  3 ugly things
  An orc sorcerer (Orc:1)
  4 elephants
  Joseph (D:9)
  2 black mambas
  2 gargoyles (D:12)
  Maggie (D:7)
  2 rime drakes
  13 cane toads
  3 kobold demonologists
  6 komodo dragons
  2 unseen horrors
  A polar bear (Lair:3)
  3 trolls
  4 blink frogs
  2 hornets
  A slime creature (Lair:3)
  A shadow (D:11)
  35 yaks
  4 wyverns
  A human (Lair:3)
  2 steam dragons
  2 wargs
  Duvessa (D:7)
  7 water moccasins
  6 ice beasts
  12 orc warriors
  2 black bears (D:6)
  2 sky beasts (D:6)
  8 wolves
  7 ogres
  6 centaurs
  A phantom (D:5)
  Blork the orc (D:6)
  10 bullfrogs
  4 kobold brigands
  5 scorpions
  13 wights
  Dowan (D:7)
  5 killer bees (D:10)
  3 howler monkeys
  5 electric eels
  3 jellies
  3 hounds
  A gnoll bouda (D:5)
  8 orc priests
  Ijyb (D:3)
  2 iguanas
  12 orc wizards
  12 adders
  12 gnolls
  A shadow imp (D:8)
  2 white imps (D:5)
  An ufetubus (D:7)
  6 worms
  3 dart slugs
  42 orcs
  6 bats
  8 endoplasms
  7 giant cockroaches
  16 goblins
  6 hobgoblins
  4 jackals (D:3)
  16 kobolds
  6 quokkas
  6 ball pythons
  2 frilled lizards (D:1)
  4 rats
401 creatures vanquished.

Notes
Turn   | Place    | Note
-------+----------+-------------------------------------------
     0 | D:1      | monsoonserge the Spriggan Hunter began the quest for the
                  | Orb.
     0 | D:1      | Reached XP level 1. HP: 10/10 MP: 2/2
   202 | D:1      | Reached XP level 2. HP: 15/15 MP: 3/3
   591 | D:1      | Reached XP level 3. HP: 18/18 MP: 4/4
   833 | D:2      | Reached skill level 5 in Ranged Weapons
  1015 | D:2      | Found Vuyloagui's Distillery.
  1019 | D:2      | Bought a potion of curing for 39 gold pieces
  1162 | D:2      | Reached XP level 4. HP: 13/23 MP: 5/5
  1462 | D:2      | Found a glowing silver altar of Zin.
  1849 | D:3      | Noticed Ijyb
  2106 | D:3      | Killed Ijyb
  2107 | D:3      | Reached skill level 6 in Ranged Weapons
  2107 | D:3      | Reached XP level 5. HP: 8/26 MP: 6/6
  2759 | D:4      | Reached XP level 6. HP: 32/32 MP: 7/7
  2875 | D:4      | Reached skill level 7 in Ranged Weapons
  2973 | D:4      | Found Dodgh's Jewellery Shoppe.
  3372 | D:5      | Entered Level 5 of the Dungeon
  3413 | D:5      | Reached XP level 7. HP: 35/35 MP: 8/8
  3439 | D:5      | Reached skill level 8 in Ranged Weapons
  3618 | D:5      | Found a burning altar of Makhleb.
  3619 | D:5      | Noticed a balrug
  3628 | D:5      | Found a glowing silver altar of Zin.
  3628 | D:5      | Noticed an angel
  3774 | D:5      | Found a hazy altar of Hepliaklqana.
  4150 | D:5      | Reached skill level 9 in Ranged Weapons
  5038 | D:6      | Reached skill level 1 in Evocations
  5038 | D:6      | Reached XP level 8. HP: 38/40 MP: 9/9
  5104 | D:6      | Learned a level 2 spell: Wereblood
  5209 | D:6      | Reached skill level 1 in Spellcasting
  5209 | D:6      | Reached skill level 1 in Transmutations
  5554 | D:6      | Reached skill level 10 in Ranged Weapons
  5916 | D:6      | Noticed Blork the orc
  5927 | D:6      | Killed Blork the orc
  6252 | D:6      | Reached XP level 9. HP: 41/45 MP: 13/13
  6446 | D:7      | Reached skill level 11 in Ranged Weapons
  6835 | D:7      | Found a broken altar of Ashenzari.
  6849 | D:7      | Found a blossoming altar of Fedhas.
  6851 | D:7      | Found an iron altar of Okawaru.
  6886 | D:7      | Became a worshipper of Warmaster Okawaru
  7079 | D:2      | Bought a potion of haste for 130 gold pieces
  7079 | D:2      | Bought a potion of heal wounds for 65 gold pieces
  7324 | D:7      | Found a staircase to the Ecumenical Temple.
  7337 | Temple   | Entered the Ecumenical Temple
  7459 | D:7      | Noticed Duvessa
  7477 | D:7      | Noticed Dowan
  7482 | D:7      | Killed Duvessa
  7483 | D:7      | Reached skill level 1 in Invocations
  7484 | D:7      | Killed Dowan
  7870 | D:7      | Noticed Maggie
  8015 | D:8      | Found a shadowy altar of Dithmenos.
  8028 | D:8      | Reached * piety under Okawaru
  8029 | D:8      | Reached skill level 5 in Fighting
  8278 | D:8      | Found a basalt altar of Yredelemnul.
  8380 | D:8      | Reached skill level 12 in Ranged Weapons
  8487 | D:8      | Found Neahus's Jewellery Shop.
  8540 | D:8      | Found a stormy altar of Qazlal.
  8919 | D:8      | Found a hide-covered altar of Uskayaw.
  9022 | D:8      | Reached XP level 10. HP: 45/51 MP: 14/14
  9296 | D:8      | Reached skill level 5 in Dodging
  9761 | D:9      | Noticed Joseph
  9928 | D:7      | Killed Maggie
 10273 | D:9      | Killed Joseph
 10442 | D:10     | Entered Level 10 of the Dungeon
 10733 | D:10     | Reached ** piety under Okawaru
 10869 | D:10     | Reached skill level 1 in Armour
 10881 | D:10     | Reached skill level 13 in Ranged Weapons
 11025 | D:10     | Found a staircase to the Lair.
 12035 | Lair:1   | Entered Level 1 of the Lair of Beasts
 12037 | Lair:1   | Noticed a cane toad
 12238 | D:11     | Noticed a red ugly thing
 12276 | D:11     | Noticed a white ugly thing
 12347 | D:11     | Noticed a boulder beetle
 12371 | D:11     | Noticed a boulder beetle
 12511 | Lair:1   | Noticed a cane toad
 12514 | Lair:1   | Noticed Gastronok
 12515 | Lair:1   | Noticed a cane toad
 12599 | D:10     | Killed a cane toad
 12921 | D:11     | Noticed a rust devil
 13576 | D:11     | Killed a white ugly thing
 13576 | D:11     | Reached *** piety under Okawaru
 13577 | D:11     | Reached XP level 11. HP: 56/56 MP: 15/15
 14250 | D:11     | Noticed a sixfirhy
 14570 | D:10     | Killed a cyan ugly thing
 14571 | D:10     | Reached skill level 14 in Ranged Weapons
 14955 | D:10     | Killed a boulder beetle
 15453 | D:11     | Reached skill level 1 in Throwing
 15466 | D:11     | Reached **** piety under Okawaru
 15565 | D:11     | Killed a boulder beetle
 15931 | D:12     | Noticed a wizard
 15932 | D:12     | Noticed a deep elf pyromancer
 16276 | D:12     | Noticed a cyan ugly thing
 16299 | D:12     | Killed a cyan ugly thing
 16301 | D:12     | Noticed a sun demon
 16454 | D:12     | Noticed a wizard
 16459 | D:11     | Killed a wizard
 16472 | D:12     | Killed a wizard
 16472 | D:12     | Reached ***** piety under Okawaru
 16473 | D:12     | Reached skill level 15 in Ranged Weapons
 16512 | D:12     | Killed a deep elf pyromancer
 16635 | D:12     | Noticed a sun demon
 16640 | D:12     | Reached skill level 5 in Evocations
 16647 | D:12     | Got Vuonk's Volume of Plaster Cramp
 16754 | D:12     | Noticed a deep elf zephyrmancer
 16884 | D:12     | Killed a deep elf zephyrmancer
 16885 | D:12     | Reached XP level 12. HP: 42/63 MP: 16/16
 17174 | D:12     | Got the Anthology of Sand
 17185 | D:12     | Got Caxutog's Volume of Combed Thunderclap
 17352 | D:12     | Found a staircase to the Orcish Mines.
 17583 | Orc:1    | Entered Level 1 of the Orcish Mines
 18569 | Orc:2    | Entered Level 2 of the Orcish Mines
 18644 | Orc:2    | Noticed a two-headed ogre
 18656 | Orc:2    | Killed a two-headed ogre
 18776 | Orc:2    | Found a staircase to the Elven Halls.
 19189 | Lair:1   | Reached skill level 16 in Ranged Weapons
 19665 | D:10     | Killed Gastronok
 19846 | Lair:1   | Received a gift from Okawaru
 20214 | Lair:1   | Noticed a catoblepas
 20237 | Lair:1   | Killed a catoblepas
 20784 | Lair:2   | Found a staircase to the Shoals.
 20904 | Lair:2   | Received a gift from Okawaru
 20904 | Lair:2   | Reached ****** piety under Okawaru
 21061 | Lair:2   | Reached XP level 13. HP: 70/70 MP: 17/17
 21105 | Lair:2   | Reached skill level 5 in Invocations
 21205 | Lair:2   | Found a transporter.
 21207 | Lair:2   | Found a transporter.
 21228 | Lair:2   | Found a hole to the Spider Nest.
 21878 | Lair:2   | Reached skill level 17 in Ranged Weapons
 22272 | Lair:3   | Reached skill level 1 in Shields
 22977 | Lair:3   | Found a runed translucent door.
 22977 | Lair:3   | Noticed a tentacled starspawn
 23273 | Lair:4   | Identified the +1 sling "Kavouz" {flame, rF- rN++ Str+2}
                  | (Okawaru gifted it to you on level 4 of the Lair of Beasts)
 23273 | Lair:4   | Received a gift from Okawaru
 23299 | Lair:3   | Reached skill level 5 in Stealth
 23623 | Lair:3   | Mangled by a skyshark

Illustrated notes

Levels and vault maps discovered:
D:1:      spicycebolla_green_bress_n_ham, layout_loops_ring
D:2:      layout_loops_corners, serial_shops, shop, basic_altar,
          minmay_misc_feat_diagonals, minivault_4, skrybe_limestone_x
D:3:      layout_basic, uniq_ijyb
D:4:      layout_basic, serial_shops, nicolae_shop_waterfront
D:5:      layout_layer_cave, grunt_temple_overflow_order_and_chaos_2,
          worldfamousw_hep_ancestral_shrine, st_stairs_1
D:6:      layout_loops_corners, uniq_blork_the_orc
D:7:      layout_basic, chequers_temple_overflow_statue_of_worship,
          minmay_temple_entry_arrows, kb_lookout_dungeons_type, uniq_maggie,
          uniq_duvessa
D:8:      layout_cave_pools, grunt_dithmenos_smoke, marbit_many_paths,
          nicolae_qazlal_eye_of_the_storm, lemuel_tele_altar, serial_shops,
          nicolae_shop_tiny_real_fake_doors
D:9:      layout_big_octagon, uniq_joseph
D:10:     layout_roguey, hellmonk_lair_entry_icy
D:11:     layout_roguey, hangedman_decor_opposing
D:12:     layout_basic, david_orc_4, bh_hangedman_babel_library
Temple:   nicolae_temple_godzebo
Lair:1:   layout_layer_cave, nicolae_quartered_pool_little, uniq_gastronok
Lair:2:   gammafunk_boulding_lane, layout_small_grid, elwin_shoals_entry_rocks,
          nicolae_spider_entry_non_spiders, wad_woods_road_06,
          grunt_megastairs_3, serial_bayou_shore_a, serial_bayou_shore_b,
          serial_bayou_shore_b
Lair:3:   layout_long_grid, pdpol_lair_cabin_in_the_woods, lemuel_fruit_tree
Lair:4:   layout_cave_shapes, minmay_slime_entry_pillars,
          infiniplex_staircase_pool_2
Orc:1:    layout_caves, serial_shops, mines2_lemuel
Orc:2:    st_orc_town, layout_diamond_mine, basic_altar

Skill      XL: |  1  2  3  4  5  6  7  8  9 10 11 12 13 |
---------------+----------------------------------------+-----
Fighting       | 2 3 5 6 7 8 9 |  9.7
Ranged Weapons | 5 6 7 9 10 12 13 15 16 17 | 17.4
Dodging        | 3 4 6 7 8 |  8.8
Stealth        | 2 3 4 5 |  5.0
Evocations     | 1 2 4 5 |  5.1
Spellcasting   | 2 |  2.0
Transmutations | 3 |  3.0
Invocations    | 3 4 6 |  6.0
Armour         | 2 |  2.7
Throwing       | 1 |  1.6
Shields        | 1 |  1.8

Action                     |  1- 3 |  4- 6 |  7- 9 | 10-12 | 13-15 || total
---------------------------+-------+-------+-------+-------+-------++-------
   Fire: Shortbow          |    91 |   182 |   500 |  1062 |       ||  1835
         Hand crossbow     |       |       |       |    96 |   224 ||   320
         Arbalest          |       |       |       |    88 |       ||    88
  Throw: Dart              |       |       |       |    20 |       ||    20
   Cast: Wereblood         |       |       |     2 |     3 |       ||     5
 Invoke: Heroism           |       |       |     1 |     4 |     1 ||     6
  Evoke: Piece from Xom's  |       |       |       |    21 |       ||    21
         Wand              |       |       |       |     8 |       ||     8
    Use: Scroll            |       |       |       |    15 |     1 ||    16
         Potion            |       |       |       |     1 |     1 ||     2
 Armour: Robe              |    13 |     5 |     7 |     6 |     8 ||    39
         Acid dragon scale |       |       |       |    29 |       ||    29
  Dodge: Dodged            |    35 |    37 |   116 |   421 |    66 ||   675
  Block: Other             |       |    10 |    24 |    90 |       ||   124
         Reflection        |       |     2 |     1 |    10 |       ||    13
         Buckler           |       |       |       |     1 |    47 ||    48
